 Dungeon Sprint DCSS version 0.21-a0-104-g7b58145 (webtiles) character file.

2248 Kidiri the Covert (level 9, -3/43 (47) HPs)
             Began as a Spriggan Enchanter on July 5, 2017.
             Was a Follower of Dithmenos.
             Engulfed by a death drake's foul pestilence (7 damage)
             ... in the Dungeon (Sprint II: "The Violet Keep of Menkaure").
             The game lasted 00:07:33 (867 turns).

Kidiri the Covert (Spriggan Enchanter)               Turns: 867, Time: 00:07:34

HP:   -3/43 (47)    AC:  2    Str:  6    XL:     9   Next: 15%
MP:   5/24          EV: 29    Int: 18    God:    Dithmenos [*.....]
Gold: 125           SH:  5    Dex: 18    Spells: 17/29 levels left

rFire    . . .     SeeInvis +   a - +1 dagger
rCold    . . .     Gourm    .   (shield restricted)
rNeg     . . .     Faith    .   b - +0 robe
rPois    .         Spirit   .   (helmet restricted)
rElec    +         Reflect  +   (no cloak)
rCorr    .         Harm     .   (gloves unavailable)
MR       +....     NoTele   +   (boots unavailable)
Stlth    +++++++...             f - amulet "Fepasyobb" {Reflect rElec Str+2 SH+5}
HPRegen  0.00/turn              (no ring)
MPRegen  0.19/turn              (no ring)

@: lethally poisoned (-3 -> -144), non-regenerating, diseased, slowed, wreathed
by umbra, quick
A: unfitting armour, see invisible, herbivore 3, speed 3, screaming 1, slow
metabolism 2
a: Renounce Religion


You were in the Dungeon.
You worshipped Dithmenos.
Dithmenos was aware of your devotion.
You were not hungry.

You visited 1 branch You collected 1053 gold pieces.
You spent 928 gold pieces at shops.

Inventory:

Hand Weapons
 a - a +1 dagger (weapon)
Armour
 b - a +0 robe (worn)
Jewellery
 f - the amulet "Fepasyobb" (around neck) {Reflect rElec Str+2 SH+5}
   (You bought it in a shop in the Dungeon)

   [amulet of reflection]

   It shields you and reflects attacks.
   It affects your strength (+2).
   It insulates you from electricity.
   It affects your SH (+5).
Scrolls
 i - a scroll of identify
 j - a scroll of blinking
Potions
 e - a potion of curing
 g - a potion of haste
 h - a potion of magic
Books
 c - a book of Maledictions

   Spells                             Type                      Level
   a - Corona                         Hexes                        1
   b - Ensorcelled Hibernation        Hexes/Ice                    2
   c - Confuse                        Hexes                        3
   d - Tukima's Dance                 Hexes                        3
   e - Dazzling Spray                 Conjuration/Hexes            3
Comestibles
 d - a bread ration


   Skills:
 + Level 5.0 Fighting
 * Level 9.5 Short Blades
 + Level 4.4 Armour
 * Level 12.4 Dodging
 * Level 13.5 Stealth
 * Level 10.7 Spellcasting
 + Level 3.2 Conjurations
 + Level 8.1 Hexes
 + Level 2.4 Invocations


You had 17 spell levels left.
You knew the following spells:

 Your Spells              Type           Power        Failure   Level  Hunger
a - Corona                Hex            #####..      1%          1    None
b - Ensorcelled Hibernat  Hex/Ice        ###...       1%          2    None
c - Confuse               Hex            #####...     1%          3    None
d - Tukima's Dance        Hex            #####...     1%          3    None
e - Dazzling Spray        Conj/Hex       ####..       1%          3    None


Dungeon Overview and Level Annotations

Branches:
Dungeon (1/1)

Altars:
Cheibriados
Dithmenos
Elyvilon
Fedhas
Gozag
Hepliaklqana
Kikubaaqudgha
Makhleb
Nemelex Xobeh
Okawaru
Qazlal
Ru
Sif Muna
Trog
Uskayaw
Vehumet
Wu Jian
Xom
Yredelemnul
Zin
The Shining One
Beogh
Jiyva
Lugonu

Shops:
D :::=[%(??=}!:}[!

Annotations:
D exclusion: oklob plant


Innate Abilities, Weirdness & Mutations

You are very small and have problems with some larger weapons.
You are too small for most types of armour.
You have supernaturally acute eyesight. (SInv)
You are a herbivore.
You cover ground extremely quickly.
You need consume almost no food.
You occasionally shout uncontrollably at your foes.


Message History

You are more poisoned.
You feel very sick. The death drake barely misses you.
The death drake completely misses you.
You hit the death drake but do no damage.
The death drake is lightly wounded.
You are engulfed in dark miasma.
You are more poisoned.
You feel your flesh rotting away!
You feel very sick. The death drake breathes miasma at you.
The foul vapour misses you. The death drake closely misses you.
You closely miss the death drake.
The death drake is lightly wounded.
You are engulfed in dark miasma.
You are more poisoned.
You feel your flesh rotting away!
You feel as though you will be slow longer.
* * * LOW HITPOINT WARNING * * *
x2 You feel very sick.
The death drake misses you. The death drake completely misses you.
You are engulfed in dark miasma.
You are more poisoned.
You feel your flesh rotting away!
You feel ill.
You die... #§≈≈≈;≈;## ≈§§§≈§§;≈## ≈§§≈≈§;§;##++# §≈§§§≈≈ ...### # ;;§§ ....# #+++#+++## ...# ## .........# .§# k# ≈†##+##..# #§# .# ≈##...##.#### +@##k# ≈#..#..# ...# #§k§#### ###.#.####..## ##k§##.# ?$$)?

.###+###.##..# +§§#..#▓=$)(?!
####.##..##.§# #..#)(#▓()(![$%?
#.+.<.+##.+..####.^##%#▓!(?$([([
..##.##..##....###...##▓▓▓▓▓▓▓+
.###+###.##......≈≈≈≈≈≈≈≈≈≈≈≈≈
###.######≈§§....≈#'########+###


You could see 2 death drakes.

Vanquished Creatures
  A yaktaur (D)
  3 polar bears (D)
  A hornet (D)
  A blink frog (D)
  Menkaure (D)
  4 neqoxecs (D)
  4 necrophages (D)
  A crocodile (D)
  4 worker ants (D)
  3 worms (D)
23 creatures vanquished.

Vanquished Creatures (others)
  A crocodile (D)
1 creature vanquished.

Grand Total: 24 creatures vanquished

Notes
Turn   | Place    | Note
-------+----------+-------------------------------------------
     0 | D        | Kidiri the Spriggan Enchanter began the quest for the Orb.
     0 | D        | Reached XP level 1. HP: 9/9 MP: 5/5
     1 | D        | Noticed a worker ant
     1 | D        | Noticed a worker ant
     1 | D        | Noticed a worker ant
     1 | D        | Noticed a worker ant
     5 | D        | Noticed a neqoxec
    13 | D        | Noticed a necrophage
    13 | D        | Noticed a necrophage
    13 | D        | Noticed a necrophage
    13 | D        | Noticed a necrophage
    20 | D        | Killed a necrophage
    20 | D        | Reached skill level 1 in Fighting
    20 | D        | Reached skill level 1 in Armour
    20 | D        | Reached skill level 7 in Stealth
    20 | D        | Reached skill level 5 in Spellcasting
    20 | D        | Reached XP level 2. HP: 15/15 MP: 6/9
    20 | D        | Reached XP level 3. HP: 18/18 MP: 6/10
    20 | D        | Reached XP level 4. HP: 23/23 MP: 7/12
    25 | D        | Killed a crocodile
    28 | D        | Killed a necrophage
    28 | D        | Reached skill level 5 in Short Blades
    28 | D        | Reached skill level 8 in Stealth
    28 | D        | Reached skill level 5 in Hexes
    28 | D        | Reached XP level 5. HP: 27/27 MP: 7/14
    35 | D        | Killed a necrophage
    35 | D        | Reached skill level 9 in Stealth
    50 | D        | Killed a necrophage
    50 | D        | Reached XP level 6. HP: 16/30 MP: 11/17
    54 | D        | Learned a level 2 spell: Ensorcelled Hibernation
    58 | D        | Learned a level 3 spell: Confuse
    62 | D        | Learned a level 3 spell: Tukima's Dance
    66 | D        | Learned a level 3 spell: Dazzling Spray
    79 | D        | Noticed Menkaure
    91 | D        | Killed Menkaure
    91 | D        | Reached skill level 10 in Stealth
   317 | D        | Found Mistrof's Distillery.
   317 | D        | Found Cujaolan's Book Shoppe.
   317 | D        | Found Wierr's Antique Armour Shoppe.
   317 | D        | Found Mate's Distillery.
   318 | D        | Found Hunlatsy's Gadget Emporium.
   318 | D        | Found Ozap's Jewellery Shoppe.
   318 | D        | Found Socrulee's Magic Scroll Emporium.
   318 | D        | Found Zyucwaal's Magic Scroll Shoppe.
   339 | D        | Reached skill level 1 in Conjurations
   342 | D        | Reached XP level 7. HP: 36/36 MP: 17/19
   477 | D        | Killed a neqoxec
   477 | D        | Reached skill level 10 in Dodging
   477 | D        | Reached skill level 11 in Stealth
   478 | D        | Noticed a neqoxec
   479 | D        | Noticed a neqoxec
   479 | D        | Noticed a neqoxec
   483 | D        | Killed a neqoxec
   485 | D        | Killed a neqoxec
   487 | D        | Gained mutation: You occasionally shout uncontrollably at your foes. [a neqoxec]
   493 | D        | Killed a neqoxec
   493 | D        | Reached XP level 8. HP: 35/42 MP: 7/22
   504 | D        | Noticed an orange crystal statue
   541 | D        | Reached skill level 12 in Stealth
   571 | D        | Noticed a blink frog
   573 | D        | Killed a blink frog
   576 | D        | Found Jim Ipol's Gadget Emporium.
   579 | D        | Found Rurubu's Antique Weapon Emporium.
   579 | D        | Found Qihupiu's Food Shoppe.
   580 | D        | Found Jiseil's Antique Armour Shoppe.
   583 | D        | Noticed a slime creature
   584 | D        | Found Cauxziy's Jewellery Shoppe.
   584 | D        | Found Heicuuf's Book Emporium.
   584 | D        | Noticed a slime creature
   584 | D        | Noticed a slime creature
   584 | D        | Noticed an oklob plant
   585 | D        | Found Aphuozas's Book Shoppe.
   585 | D        | Found Cuprum's Book Shoppe.
   586 | D        | Noticed a polar bear
   587 | D        | Noticed a polar bear
   592 | D        | Noticed an ice dragon
   598 | D        | Bought the amulet "Fepasyobb" {Reflect rElec Str+2 SH+5} for 772 gold pieces
   621 | D        | Bought a scroll of identify for 22 gold pieces
   637 | D        | Bought an embroidered robe for 92 gold pieces
   654 | D        | Bought a scroll of remove curse for 42 gold pieces
   702 | D        | Found an iron altar of Okawaru.
   702 | D        | Found a radiant altar of Vehumet.
   703 | D        | Found a glowing silver altar of Zin.
   704 | D        | Found a sparkling altar of Nemelex Xobeh.
   704 | D        | Found a hide-covered altar of Uskayaw.
   705 | D        | Found an opulent altar of Gozag.
   705 | D        | Found a burning altar of Makhleb.
   705 | D        | Found a bloodstained altar of Trog.
   706 | D        | Found a basalt altar of Yredelemnul.
   707 | D        | Found a blossoming altar of Fedhas.
   707 | D        | Found a corrupted altar of Lugonu.
   707 | D        | Found a deep blue altar of Sif Muna.
   708 | D        | Found a white marble altar of Elyvilon.
   708 | D        | Found an ancient bone altar of Kikubaaqudgha.
   709 | D        | Found a shadowy altar of Dithmenos.
   709 | D        | Found a viscous altar of Jiyva.
   710 | D        | Found a snail-covered altar of Cheibriados.
   712 | D        | Found a roughly hewn altar of Beogh.
   712 | D        | Found a shimmering altar of Xom.
   712 | D        | Found a sacrificial altar of Ru.
   712 | D        | Found a hazy altar of Hepliaklqana.
   712 | D        | Noticed a hornet
   712 | D        | Noticed a polar bear
   713 | D        | Found a glowing golden altar of the Shining One.
   713 | D        | Found an ornate altar of the Wu Jian Council.
   713 | D        | Found a stormy altar of Qazlal.
   713 | D        | Noticed a yaktaur
   721 | D        | Became a worshipper of Dithmenos the Shadowed
   731 | D        | Noticed a polar bear
   734 | D        | Noticed a polar bear
   737 | D        | Killed a polar bear
   737 | D        | Reached skill level 10 in Spellcasting
   737 | D        | Reached skill level 1 in Invocations
   746 | D        | Killed a polar bear
   749 | D        | Killed a hornet
   749 | D        | Reached * piety under Dithmenos
   749 | D        | Reached skill level 13 in Stealth
   761 | D        | Killed a yaktaur
   761 | D        | Reached XP level 9. HP: 40/46 MP: 1/24
   764 | D        | Killed a polar bear
   764 | D        | Reached skill level 5 in Fighting
   852 | D        | Noticed a death drake
   859 | D        | Noticed a death drake
   867 | D        | Engulfed by a death drake's foul pestilence

Vault maps used:
D:        the_violet_keep_of_menkaure

Skill      XL: |  1  2  3  4  5  6  7  8  9 |
---------------+----------------------------+-----
Fighting       | 1 2 3 4 5 |  5.0
Short Blades   | 3 5 6 7 8 9 |  9.5
Armour         | 1 2 3 4 |  4.4
Dodging        | 6 7 8 9 10 12 | 12.4
Stealth        | 7 8 9 10 11 13 | 13.5
Spellcasting   | 5 6 7 8 9 10 | 10.7
Hexes          | 4 5 6 7 8 |  8.1
Conjurations   | 1 2 3 |  3.2
Invocations    | 2 |  2.4

Action                   |  1- 3 |  4- 6 |  7- 9 || total
-------------------------+-------+-------+-------++-------
Melee: Dagger            |     5 |    34 |    42 ||    81
 Cast: Dazzling Spray    |       |     6 |     1 ||     7
       Confuse           |       |     4 |     6 ||    10
       Ensorcelled Hiber |       |     1 |    16 ||    17
  Use: Potion            |     1 |     2 |       ||     3
       Scroll            |       |       |     1 ||     1
 Stab: Sleeping          |       |     6 |     8 ||    14
       Confused          |       |       |     6 ||     6
Dodge: Dodged            |     3 |    19 |    36 ||    58
Block: Other             |       |       |     5 ||     5
       Reflection        |       |       |     1 ||     1
